 Dungeon Crawl Stone Soup version 0.31.0-4-g52a2dc7128 (webtiles) character file.

Game seed: 11178539918727446321

67 Crownlay the Trooper (level 4, -1/37 HPs)
             Began as a Djinni Monk on Jan 22, 2024.
             Slain by Natasha (2 damage)
             ... on level 2 of the Dungeon.
             The game lasted 00:01:24 (1018 turns).

Crownlay the Trooper (Djinni Monk)                  Turns: 1018, Time: 00:01:25

Health: -1/37      AC:  2    Str: 10    XL:     4   Next: 38%
Gold:   7          EV: 13    Int: 14    God:
                   SH:  0    Dex: 15

rFire   + + .        a - +0 short sword
rCold   x . .        d - orb {light}
rNeg    . . .        b - +0 robe
rPois   ∞            (no helmet)
rElec   .            (no cloak)
rCorr   .            (no gloves)
SInv    .            (boots unavailable)
Will    .....        (no amulet)
Stlth   +            (no ring)
HPRegen 0.26/turn    (no ring)
MPRegen 0.00/turn

%: infuse magic (-2 HP)
@: flying, glowing
A: sickness immunity, fire resistance 2, cold vulnerability 1, float, innate
caster, HP casting, extra vitality 1
a: no special abilities


You were on level 2 of the Dungeon.
You visited 1 branch of the dungeon, and saw 2 of its levels.

You collected 7 gold pieces.

Inventory:

Hand Weapons
 a - a +0 short sword (weapon)
Armour
 b - a +0 robe (worn)
 d - an orb of light (worn)
Scrolls
 g - a scroll of enchant weapon {unknown}
 i - a scroll of fog {unknown}
 j - a scroll of noise {unknown}
Potions
 c - a potion of ambrosia
 e - 4 potions of heal wounds {unknown}
 f - a potion of curing {unknown}
 h - a potion of brilliance {unknown}


   Skills:
 * Level 4.2 Fighting
 - Level 2.7 Short Blades
 - Level 3.3 Dodging
 + Level 1.3 Spellcasting
 + Level 1.3 Conjurations
 + Level 1.3 Hexes
   Level 0.0 Charms
 + Level 1.3 Summonings
 + Level 1.3 Necromancy
 + Level 1.3 Translocations
   Level 0.0 Transmutations
 + Level 1.3 Fire Magic
 + Level 1.3 Ice Magic
 + Level 1.3 Air Magic
 + Level 1.3 Earth Magic
 + Level 1.3 Alchemy


You knew the following spells:

 Your Spells              Type           Power      Damage    Failure   Level
a - Apportation           Tloc           8%         N/A       16%         1
Your spell library was empty.

Dungeon Overview and Level Annotations

Branches:
Dungeon (2/15)

Altars:
Fedhas

Annotations:
D:2 Natasha


Innate Abilities, Weirdness & Mutations

You are immune to sickness and miasma.
You are immune to poison.
Your flesh is very heat resistant. (rF++)
You are vulnerable to cold. (rC-)
You float through the air rather than walking.
You learn spells naturally, not from books.
Your magical power is your life essence.
You have superior vitality. (+4 MHP)


Message History

You are too injured to fight recklessly!
You are too injured to fight recklessly!
You are too injured to fight recklessly!
You are too injured to fight recklessly!
You are too injured to fight recklessly!
You are too injured to fight recklessly!
You are too injured to fight recklessly!
You are too injured to fight recklessly!
You are too injured to fight recklessly!
You are too injured to fight recklessly!
You are too injured to fight recklessly!
You are too injured to fight recklessly!
You are too injured to fight recklessly!
You are too injured to fight recklessly!
You hit Natasha.
Natasha is heavily wounded.
The adder bites you.
* * * LOW HITPOINT WARNING * * *
The rat barely misses you.
You hit Natasha.
Natasha is severely wounded.
Natasha closely misses you. The adder closely misses you.
The rat bites you but does no damage.
You hit Natasha but do no damage.
Natasha is severely wounded.
The adder bites you.
* * * LOW HITPOINT WARNING * * *
Natasha closely misses you. The rat barely misses you.
You barely miss Natasha.
Natasha is severely wounded.
The adder bites you but does no damage. Natasha barely misses you.
You barely miss Natasha.
Natasha is severely wounded.
The adder bites you.
* * * LOW HITPOINT WARNING * * *
The rat bites you.
* * * LOW HITPOINT WARNING * * *
Natasha claws you.
You die...
Natasha begins licking her fur clean.

#.# .#.....## #.# ...
'...... #.# ..##.# .#.#
#.....# #.# ..+... <..#
#.....# #.# ..##.###...
#.....# # #.# ..(#.#....
#.....# .. #<#
........######.rhS.###.##
###
..#..#..........@........
).....#..................
..#......................
......#..(......†........
.##...#.....#+#.#).......
.##...#.#.....#.#........
.####.#.#.#...#.#.##....#
.. ....#.#.....#.# ....#
## #.###.......#.# ...#


You could see Natasha, an adder and a rat.

Vanquished Creatures
  Jessica (D:2)
  An adder (D:2)
  4 endoplasms (D:1)
  A giant cockroach (D:1)
  3 goblins
  3 hobgoblins
  A jackal (D:1)
  4 kobolds
  3 quokkas
  3 ball pythons
  3 bats (D:1)
  2 frilled lizards (D:1)
  3 rats
32 creatures vanquished.

Notes
Turn   | Place    | Note
-------+----------+-------------------------------------------
     0 | D:1      | Crownlay the Djinni Monk began the quest for the Orb.
     0 | D:1      | Reached XP level 1. HP: 20/20 MP: 0/0
   151 | D:1      | Reached XP level 2. HP: 22/25 MP: 0/0
   469 | D:1      | Reached XP level 3. HP: 30/30 MP: 0/0
   469 | D:1      | Learned a level 1 spell: Apportation
   781 | D:2      | Noticed Jessica
   787 | D:2      | Killed Jessica
   788 | D:2      | Reached skill level 4 in Fighting
   788 | D:2      | Reached skill level 1 in Spellcasting
   788 | D:2      | Reached skill level 1 in Conjurations
   788 | D:2      | Reached skill level 1 in Hexes
   788 | D:2      | Reached skill level 1 in Summonings
   788 | D:2      | Reached skill level 1 in Necromancy
   788 | D:2      | Reached skill level 1 in Translocations
   788 | D:2      | Reached skill level 1 in Fire Magic
   788 | D:2      | Reached skill level 1 in Ice Magic
   788 | D:2      | Reached skill level 1 in Air Magic
   788 | D:2      | Reached skill level 1 in Earth Magic
   788 | D:2      | Reached skill level 1 in Alchemy
   788 | D:2      | Reached XP level 4. HP: 31/37 MP: 0/0
   829 | D:2      | Found a blossoming altar of Fedhas.
  1000 | D:2      | Noticed Natasha
  1018 | D:2      | HP: 1/37 [rat (2)]
  1018 | D:2      | Slain by Natasha

Illustrated notes

Levels and vault maps discovered:
D:1:      elethiomel_arrival_quiet, layout_loops_cross, minmay_indecisive_spiral
D:2:      layout_basic, basic_altar, uniq_natasha, uniq_jessica,
          uniq_crazy_yiuf_cottage

Skill      XL: |  1  2  3 |
---------------+----------+-----
Fighting       | 4 |  4.2
Spellcasting   | 1 |  1.3
Conjurations   | 1 |  1.3
Hexes          | 1 |  1.3
Summonings     | 1 |  1.3
Necromancy     | 1 |  1.3
Translocations | 1 |  1.3
Fire Magic     | 1 |  1.3
Ice Magic      | 1 |  1.3
Air Magic      | 1 |  1.3
Earth Magic    | 1 |  1.3
Alchemy        | 1 |  1.3
Short Blades   | |  2.7
Dodging        | |  3.3

Action                     |  1- 3 |  4- 6 || total
---------------------------+-------+-------++-------
  Melee: Short sword       |    84 |    40 ||   124
 Armour: Robe              |    32 |    27 ||    59
  Dodge: Dodged            |    56 |    33 ||    89
